 Dungeon Crawl Stone Soup version 0.32-a0-673-g3729bd50f8 (webtiles) character file.

Game seed: 14888282073212191955

251576 nuthulu the Peltast (level 19, -17/131 HPs)
             Began as a Gargoyle Fighter on Mar 10, 2024.
             Was the Champion of Okawaru.
             Demolished by a deep troll shaman simulacrum (34 damage)
             ... on level 15 of the Dungeon.
             The game lasted 01:04:00 (36720 turns).

nuthulu the Peltast (Gargoyle Fighter)             Turns: 36720, Time: 01:04:00

Health: -17/131    AC: 54    Str: 26    XL:     19   Next: 66%
Magic:  31/31      EV:  7    Int: 17    God:    Okawaru [******]
Gold:   3034       SH: 29    Dex: 13    Spells: 18/18 levels left

rFire   + . .        P - +9 demon whip (venom)
rCold   . . .        T - +3 tower shield {rN+}
rNeg    + + .        y - +7 plate armour "Migyf" {rPois Dex+4}
rPois   ∞            i - +2 helmet {SInv}
rElec   +            b - +2 cloak
rCorr   +            g - +2 pair of gloves
SInv    +            o - +2 pair of boots
Will    +....        m - amulet of reflection Stlth
                     u - ring of resist corrosion
HPRegen 0.41/turn    f - ring "Hisu" {rF+ Int+6}
MPRegen 0.22/turn

%: reflection
@: flying
A: sickness immunity, AC +14, big wings, negative energy resistance 1,
electricity resistance, torment resistance 1, petrification resistance, subdued
magic 1
}: 2/15 runes: serpentine, barnacled
a: Renounce Religion, Heroism, Finesse, Duel


You were on level 15 of the Dungeon.
You worshipped Okawaru.
Okawaru was exalted by your worship.
You visited 7 branches of the dungeon, and saw 32 of its levels.
You also visited: Bailey.

You collected 3730 gold pieces.
You spent 696 gold pieces at shops.

Inventory:

Hand Weapons
 c - a +1 sacred scourge of holy wrath
 P - a +9 demon whip of venom (weapon)
Armour
 b - a +2 cloak (worn)
 g - a +2 pair of gloves (worn)
 i - a +2 helmet of see invisible (worn)
 o - a +2 pair of boots (worn)
 p - a scarf of resistance
 y - the +7 plate armour "Migyf" (worn) {rPois Dex+4}
   (You acquired it on level 7 of the Dungeon)

   Dex+4:     It affects your dexterity (+4).
   rPois:     It protects you from poison.
 T - a +3 tower shield of positive energy (worn)
Jewellery
 f - the ring "Hisu" (right hand) {rF+ Int+6}
   (You acquired it on level 4 of the Dungeon)

   [ring of intelligence]

   Int+6:     It affects your intelligence (+6).
   rF+:       It protects you from fire.
 m - an amulet of reflection (around neck)
 n - a +6 ring of dexterity
 q - a +6 ring of strength
 u - a ring of resist corrosion (left hand)
 F - a ring of fire
 L - a ring of ice
 M - a ring of wizardry
 V - an amulet of the acrobat
 W - a ring of positive energy
 X - a ring of ice
 Z - a ring of wizardry
Wands
 d - a wand of light (22)
 I - a wand of mindburst (18)
 J - a wand of iceblast (24)
 N - a wand of flame (53)
 Y - a wand of digging (12)
Scrolls
 a - a scroll of silence
 k - 13 scrolls of teleportation
 l - 6 scrolls of vulnerability
 t - 5 scrolls of revelation
 v - 5 scrolls of poison
 w - 5 scrolls of blinking
 z - 3 scrolls of fog
 D - 4 scrolls of fear
 G - 4 scrolls of amnesia
 K - 4 scrolls of torment
 O - 11 scrolls of identify
Potions
 e - 8 potions of might
 h - 6 potions of attraction
 j - 4 potions of curing
 r - 3 potions of lignification
 s - 4 potions of heal wounds
 x - 4 potions of enlightenment
 A - a potion of invisibility
 B - 4 potions of berserk rage
 C - 3 potions of resistance
 E - a potion of cancellation
 H - 6 potions of brilliance
 Q - 2 potions of ambrosia
 R - 3 potions of magic
 S - 4 potions of mutation
 U - 2 potions of haste


   Skills:
 - Level 18.4 Fighting
 + Level 17.3 Maces & Flails
 - Level 18.0 Armour
 + Level 20.9 Shields
 - Level 16.0 Invocations


You had 18 spell levels left.
You didn't know any spells.
Your spell library contained the following spells:

 Spells                   Type           Power      Damage    Failure   Level
 Apportation              Tloc           0%         N/A       88%         1
 Foxfire                  Conj/Fire      0%         2x1d4     88%         1
 Freeze                   Ice            0%         1d3       88%         1
 Kiss of Death            Conj/Necr      0%         2d5       88%         1
 Necrotise                Necr           0%         1d4       88%         1
 Sandblast                Erth           0%         2d4       88%         1
 Slow                     Hex            0%         N/A       88%         1
 Sting                    Conj/Alch      0%         1d3       88%         1
 Ensorcelled Hibernation  Hex/Ice        0%         N/A       96%         2
 Scorch                   Fire           0%         2d5       96%         2
 Searing Ray              Conj           0%         2d4       96%         2
 Confusing Touch          Hex            0%         N/A       99%         3
 Frozen Ramparts          Ice            0%         1d1       99%         3
 Fugue of the Fallen      Necr           0%         N/A       99%         3
 Gell's Gravitas          Tloc           0%         N/A       99%         3
 Hailstorm                Conj/Ice       0%         3d5       99%         3
 Mephitic Cloud           Conj/Alch/Air  0%         N/A       99%         3
 Passwall                 Erth           0%         N/A       99%         3
 Sigil of Binding         Hex            0%         N/A       99%         3
 Stone Arrow              Conj/Erth      0%         3d7       99%         3
 Teleport Other           Tloc           0%         N/A       99%         3
 Vampiric Draining        Necr           0%         2d6       99%         3
 Volatile Blastmotes      Fire/Tloc      0%         2d10      99%         3
 Anguish                  Hex/Necr       0%         N/A       100%        4
 Brom's Barrelling Bould  Conj/Erth      0%         2d3       100%        4
 Dispel Undead            Necr           0%         3d6       100%        4
 Flame Wave               Conj/Fire      0%         2d4       100%        4
 Iskenderun's Mystic Bla  Conj/Tloc      0%         2d3       100%        4
 Passage of Golubria      Tloc           0%         N/A       100%        4
 Petrify                  Alch/Erth      0%         N/A       100%        4
 Vhi's Electric Charge    Tloc/Air       0%         N/A       100%        4
 Arcjolt                  Conj/Air       0%         1d10      100%        5
 Yara's Violent Unravell  Hex/Alch       0%         3d3       100%        5
 Dispersal                Tloc           0%         N/A       100%        6
 Plasma Beam              Fire/Air       0%         2x1d10    100%        6
 Starburst                Conj/Fire      0%         6d3       100%        6
 Summon Small Mammal      Summ           Unusable   N/A       N/A         1
 Tukima's Dance           Hex            Unusable   N/A       N/A         3
 Summon Cactus Giant      Summ           Unusable   N/A       N/A         6
 Malign Gateway           Summ/Tloc      Unusable   N/A       N/A         7

Dungeon Overview and Level Annotations

Branches:
Dungeon (15/15)            Temple (1/1) D:5            Lair (5/5) D:11
 Shoals (4/4) Lair:2        Snake (4/4) Lair:2        Slime (0/5) Lair:5
    Orc (2/2) D:12            Elf (0/3) Orc:2        Vaults (0/5) D:13
 Depths (1/4) D:15         Bailey (visited)

Altars:
Ashenzari
Cheibriados
Dithmenos
Elyvilon
Fedhas
Gozag
Hepliaklqana
Kikubaaqudgha
Makhleb
Nemelex Xobeh
Okawaru
Qazlal
Ru
Sif Muna
Trog
Uskayaw
Vehumet
Wu Jian
Xom
Yredelemnul
Zin
The Shining One
Beogh
Jiyva

Shops:
D:1 :   D:3 ([:*[   D:6 (   Orc:2 *?[*   Shoals:1 [   Snake:2 *(   Snake:3 *
Snake:4 *

Portals:
Abyss: Snake:3

Annotations:
D:12 1 runed translucent door
Shoals:1 2 transporters, Kischierch's ghost, adept OpHs
Snake:3 2 transporters, Douf's ghost, adept MiBe


Innate Abilities, Weirdness & Mutations

You are immune to sickness and miasma.
Your stone body is resilient. (AC +14)
You are immune to poison.
Your large and strong wings let you fly.
You resist negative energy. (rN+)
You are resistant to electric shocks. (rElec)
You are resistant to unholy torment.
You are immune to petrification.
Your spells are a little easier to cast, but a little less powerful.


Message History

You block the purple ugly thing's attack.
You thrash the deep troll shaman!!
You kill the deep troll shaman!
Okawaru accepts your kill.
A freezing mist starts to gather...
A deep troll shaman simulacrum comes into view.
The frost giant casts a spell at you. The bolt of cold hits you!
You whack the purple ugly thing!
The purple ugly thing is poisoned.
The purple ugly thing is lightly wounded.
You block the purple ugly thing's attack.
The frost giant casts a spell at you. The bolt of cold hits you!
You whack the purple ugly thing!
The purple ugly thing looks as sick as possible!
The purple ugly thing is heavily wounded.
You thrash the purple ugly thing!!
The purple ugly thing looks as sick as possible!
The purple ugly thing is severely wounded.
You block the purple ugly thing's attack.
The frost giant casts a spell at you. The bolt of cold misses you.
You hit the purple ugly thing but do no damage.
The purple ugly thing is severely wounded.
You block the purple ugly thing's attack.
You block the deep troll shaman simulacrum's attack. x2
The deep troll shaman simulacrum claws you but does no damage.
You closely miss the purple ugly thing.
The purple ugly thing is severely wounded.
You barely miss the purple ugly thing.
The purple ugly thing is almost dead.
You block the purple ugly thing's attack.
The frost giant casts a spell at you. The bolt of cold hits you!!!
* * * LOW HITPOINT WARNING * * *
You block the deep troll shaman simulacrum's attack. x2
The deep troll shaman simulacrum claws you!
* * * LOW HITPOINT WARNING * * *
The deep troll shaman simulacrum freezes you!!
You die...

###...[................
#......................
##...P...P.............
##P.....)[.............
#.ß.ß...ß...P..........
#........)...ß.........
####..........Pß..........
##..#..Pß.uP[.........#.##.
#........ß@C..........#....
#......P.PßZßP...P.........
#..#...........P....#......
#####......................
#.....P.ß..............
##....PPß.....#......†)
##..P..P.....#.###...÷
#####.........#......
#..................


You could see a frost giant (soul bound, very poisoned), a purple ugly thing
(soul bound, extremely poisoned) and a deep troll shaman simulacrum.

Vanquished Creatures
  Mara (Snake:3)
  Saint Roka (Snake:4)
  Jorgrun (Shoals:1)
  Rupert (Lair:5)
  A kraken (Shoals:1)
  A storm dragon (D:15)
  7 nagarajas
  Ilsuiw (Shoals:2)
  An angel (D:14)
  A stone giant (D:15)
  4 merfolk javelineers (Shoals:4)
  An ettin (Orc:1)
  7 merfolk impalers
  2 yaktaur captains (D:15)
  Erolcha (D:11)
  A catoblepas (D:12)
  3 salamander tyrants (Snake:4)
  A vault guard (D:13)
  9 anacondas
  2 ogre magi
  Erica (D:8)
  An alligator snapping turtle (Shoals:4)
  5 merfolk avatars
  5 merfolk aquamancers
  12 hydras
  A dancing weapon (D:13)
  8 centaur warriors
  11 two-headed ogres
  4 satyrs
  4 boulder beetles
  6 death yaks
  2 deep troll shamans (D:15)
  A vampire mage (D:15)
  A death knight (D:14)
  A tengu warrior (D:15)
  7 naga sharpshooters
  19 naga warriors
  12 shock serpents
  Nergalle (D:9)
  Sonja (Lair:4)
  6 orc high priests (Orc:2)
  An iron troll (D:15)
  A storm dragon zombie (D:15)
  8 skysharks
  A goliath frog (Lair:5)
  A salamander mystic (Snake:4)
  4 skeletal warriors
  11 sea snakes
  8 mana vipers
  A spark wasp zombie (D:15)
  2 deep trolls (D:15)
  A flayed ghost (D:13)
  7 orc knights
  3 deep elf pyromancers
  33 harpies
  2 deep elf archers
  5 naga ritualists
  2 necromancers (D:15)
  A deep elf zephyrmancer (D:15)
  2 orc sorcerers
  Maurice (D:7)
  10 salamanders
  13 fauns
  9 ugly things
  An oklob plant (Lair:5)
  7 cyclopes
  16 manticores
  A meliai (shapeshifter) (D:13)
  4 guardian serpents
  23 black mambas
  8 elephants
  6 merfolk sirens
  9 naga magi
  6 water nymphs
  3 kobold blastminers (Orc:1)
  A torpor snail (Lair:4)
  22 cane toads
  5 gargoyles
  An unseen horror (D:13)
  3 freezing wraiths
  4 rime drakes
  11 komodo dragons
  Psyche (D:8)
  2 efreet (D:13)
  2 tengu conjurers
  6 trolls
  2 tyrant leeches (Lair:5)
  36 merfolk
  7 wind drakes
  2 hornets (D:8)
  5 polar bears
  22 blink frogs
  8 snapping turtles
  15 dream sheep
  12 slime creatures
  15 water elementals
  4 fire elementals
  A spriggan skeleton (D:15)
  3 wyverns
  4 spriggans
  32 yaks
  5 basilisks
  2 wraiths
  4 steam dragons
  Eustachio (D:5)
  14 wargs
  6 vampire mosquitoes
  4 acid dragons
  53 nagas
  17 water moccasins
  3 sky beasts
  25 orc warriors
  An ice beast (D:6)
  2 laughing skulls (D:15)
  3 boggarts (D:15)
  21 centaurs
  11 ogres
  21 wolves
  3 kobold brigands
  4 gnoll sergeants
  Blork the orc (D:5)
  17 bullfrogs
  2 scorpions (D:5)
  5 killer bees (D:9)
  2 electric eels
  3 howler monkeys
  A lava snake (Lair:5)
  2 hounds
  3 jellies
  3 bombardier beetles
  26 orc priests
  Jessica (D:3)
  Ijyb (D:3)
  Terence (D:3)
  20 orc wizards
  3 iguanas
  A statue (D:8)
  A boggart simulacrum (D:14)
  6 gnolls
  7 adders
  A white imp (D:7)
  2 dart slugs
  A ribbon worm (D:4)
  88 orcs
  8 ball pythons
  4 bats
  13 endoplasms
  5 giant cockroaches
  9 goblins
  4 hobgoblins
  3 jackals (D:2)
  9 kobolds
  2 quokkas (D:1)
  4 frilled lizards
  2 rats
  A spectral weapon (Shoals:4)
  4 tentacles (Shoals:1)
1059 creatures vanquished.

Vanquished Creatures (others)
  A faun (Shoals:4)
  2 manticores
  A merfolk (Shoals:1)
  A naga (Snake:4)
  An orc (D:8)
  2 goblins (D:8)
  2 tentacles (Shoals:1)
10 creatures vanquished.

Grand Total: 1069 creatures vanquished

Notes
Turn   | Place    | Note
-------+----------+-------------------------------------------
     0 | D:1      | nuthulu the Gargoyle Fighter began the quest for the Orb.
     0 | D:1      | Reached XP level 1. HP: 14/14 MP: 1/1
    90 | D:1      | Reached XP level 2. HP: 17/19 MP: 2/2
   247 | D:1      | Found Kinergh's Book Emporium.
   424 | D:1      | Found a faded altar of an unknown god.
   501 | D:1      | Reached XP level 3. HP: 24/24 MP: 3/3
  1263 | D:2      | Reached XP level 4. HP: 30/30 MP: 4/4
  1411 | D:3      | Found a basalt altar of Yredelemnul.
  1468 | D:3      | Noticed Jessica
  1473 | D:3      | Killed Jessica
  1474 | D:3      | Reached skill level 5 in Fighting
  1474 | D:3      | Reached XP level 5. HP: 35/35 MP: 5/5
  1505 | D:3      | Found Eberch's Armour Shoppe.
  1574 | D:3      | Found Ahotopn's Book Emporium.
  1678 | D:3      | Noticed Terence
  1691 | D:3      | Killed Terence
  1705 | D:3      | Found Yfroxte's Weapon Emporium.
  1744 | D:3      | Found a shimmering altar of Xom.
  1779 | D:3      | Found an ancient bone altar of Kikubaaqudgha.
  1831 | D:3      | Found Yset Ola's Armour Shop.
  1836 | D:3      | Bought a +0 pair of boots for 58 gold pieces
  1901 | D:3      | Noticed Ijyb
  1922 | D:3      | Killed Ijyb
  2151 | D:3      | Gained mutation: You sometimes lose your temper in combat.
                  | [potion of mutation]
  2157 | D:3      | Lost mutation: You sometimes lose your temper in combat.
                  | [potion of mutation]
  2157 | D:3      | Gained mutation: You have large cloven feet. [potion of
                  | mutation]
  2157 | D:3      | Gained mutation: You occasionally lose the ability to drink
                  | potions when taking damage. [potion of mutation]
  2215 | D:3      | Reached XP level 6. HP: 40/40 MP: 6/6
  2284 | D:3      | Found Zuniacel's General Store.
  2291 | D:3      | Bought a potion of might for 56 gold pieces
  2291 | D:3      | Bought a scroll of identify for 28 gold pieces
  2358 | D:4      | Identified a scroll of acquirement
  2358 | D:4      | Acquired the ring "Hisu" {rF+ Int+6}
  2365 | D:4      | Found a hide-covered altar of Uskayaw.
  2620 | D:4      | Found a snail-covered altar of Cheibriados.
  2989 | D:5      | Entered Level 5 of the Dungeon
  3080 | D:5      | Reached skill level 5 in Maces & Flails
  3258 | D:5      | Found a white marble altar of Elyvilon.
  3320 | D:5      | Reached XP level 7. HP: 42/47 MP: 7/7
  3396 | D:5      | Noticed Blork the orc
  3420 | D:5      | Killed Blork the orc
  3426 | D:5      | Found a staircase to the Ecumenical Temple.
  3501 | Temple   | Entered the Ecumenical Temple
  3557 | D:5      | Noticed Eustachio
  3599 | D:5      | Killed Eustachio
  3885 | D:5      | Found an iron altar of Okawaru.
  3962 | D:5      | Became a worshipper of Warmaster Okawaru
  4330 | D:6      | Noticed a steam dragon
  4341 | D:6      | Killed a steam dragon
  4342 | D:6      | Reached XP level 8. HP: 46/53 MP: 8/8
  4482 | D:6      | Reached * piety under Okawaru
  4675 | D:6      | Found Dujoimau's Hydra Hut.
  4676 | D:6      | Noticed a five-headed hydra
  5004 | D:6      | Reached ** piety under Okawaru
  5025 | D:6      | Reached XP level 9. HP: 18/61 MP: 6/9
  5314 | D:7      | Reached skill level 10 in Fighting
  5328 | D:7      | Noticed Maurice
  5345 | D:7      | Killed Maurice
  5369 | D:7      | Reached *** piety under Okawaru
  5709 | D:7      | Acquired the +7 plate armour "Migyf" {rPois Dex+4}
  5789 | D:7      | Reached skill level 10 in Maces & Flails
  5789 | D:7      | Reached XP level 10. HP: 70/70 MP: 10/10
  5901 | D:7      | Found a broken altar of Ashenzari.
  5993 | D:8      | Found a flagged portal.
  5993 | D:8      | Noticed Erica
  6018 | D:8      | Reached skill level 1 in Invocations
  6032 | D:8      | Killed Erica
  6125 | Bailey   | Entered a bailey
  6173 | Bailey   | Reached **** piety under Okawaru
  6291 | Bailey   | Noticed a two-headed ogre
  6292 | Bailey   | Identified the +1 broad axe "Zolar" {antimagic, rF+ rC+}
  6311 | Bailey   | Killed a two-headed ogre
  6451 | Bailey   | Reached XP level 11. HP: 76/76 MP: 14/14
  6543 | D:8      | Noticed a deep elf pyromancer
  6554 | D:8      | Killed a deep elf pyromancer
  6555 | D:8      | Reached skill level 5 in Invocations
  6774 | D:8      | Acquired a manual of Fighting
  6781 | D:8      | Acquired 468 gold pieces
  6785 | D:8      | Acquired a manual of Invocations
  6910 | D:8      | Reached ***** piety under Okawaru
  6911 | D:8      | Reached XP level 12. HP: 75/82 MP: 17/17
  7144 | D:8      | Found a radiant altar of Vehumet.
  7241 | D:8      | Found a bloodstained altar of Trog.
  7385 | D:8      | Noticed Psyche
  7426 | D:8      | Killed Psyche
  7723 | D:8      | Noticed a two-headed ogre
  7733 | D:8      | Killed a two-headed ogre
  7896 | D:9      | Found a shimmering blue altar of Sif Muna.
  8114 | D:9      | Noticed a two-headed ogre
  8127 | D:9      | Killed a two-headed ogre
  8302 | D:9      | Found a glowing golden altar of the Shining One.
  8556 | D:10     | Entered Level 10 of the Dungeon
  8585 | D:10     | Noticed Nergalle
  8657 | D:9      | Killed Nergalle
  8658 | D:9      | Reached skill level 10 in Invocations
  8749 | D:10     | Identified the +0 leather armour of the Pit {rPois rN+}
  8788 | D:10     | Noticed a two-headed ogre
  8802 | D:10     | Killed a two-headed ogre
  8851 | D:10     | Found a sparkling altar of Nemelex Xobeh.
  9083 | D:10     | Found a blossoming altar of Fedhas.
  9964 | D:11     | Noticed a two-headed ogre
  9974 | D:10     | Killed a two-headed ogre
  9975 | D:10     | Reached skill level 15 in Fighting
 10286 | D:11     | You fall into a shaft and drop 1 floor!
 10292 | D:12     | Got Vehumet's Quarto of Arcane Combat and Prima Materia
 10400 | D:12     | Noticed a catoblepas
 10420 | D:12     | Noticed a boulder beetle
 10467 | D:12     | Killed a boulder beetle
 10654 | D:11     | Noticed Erolcha
 10677 | D:11     | Killed Erolcha
 10729 | D:11     | Found a staircase to the Lair.
 10848 | Lair:1   | Entered Level 1 of the Lair of Beasts
 10865 | Lair:1   | Reached XP level 13. HP: 95/95 MP: 22/22
 11762 | Lair:1   | Reached skill level 15 in Invocations
 12317 | Lair:2   | Received a gift from Okawaru
 12799 | Lair:2   | Identified the +0 robe "Feh Yre" {Harm rN+ Will+ rCorr}
 12827 | Lair:2   | Found a staircase to the Shoals.
 13036 | Lair:2   | Found a staircase to the Snake Pit.
 13331 | Lair:2   | Reached skill level 4 in Shields
 13543 | Lair:2   | You fall into a shaft and drop 2 floors!
 13639 | Lair:4   | Received a gift from Okawaru
 13640 | Lair:4   | Reached skill level 5 in Armour
 13640 | Lair:4   | Reached skill level 5 in Shields
 13787 | Lair:3   | Gained mutation: Your large and strong wings let you fly.
                  | [Gargoyle growth]
 13787 | Lair:3   | Reached XP level 14. HP: 104/104 MP: 26/26
 14475 | Lair:3   | Reached skill level 6 in Shields
 14486 | Lair:3   | Reached ****** piety under Okawaru
 14491 | Lair:3   | Acquired a +6 demon whip of venom
 14491 | Lair:3   | Received a gift from Okawaru
 15103 | Lair:4   | Reached skill level 7 in Shields
 15123 | Lair:4   | Received a gift from Okawaru
 15550 | Lair:4   | Found a runed translucent door.
 15654 | Lair:4   | Noticed Sonja
 15706 | Lair:4   | Killed Sonja
 15825 | Lair:4   | Reached skill level 8 in Shields
 16098 | Lair:5   | Entered Level 5 of the Lair of Beasts
 16331 | Lair:5   | Reached skill level 9 in Shields
 16462 | Lair:5   | Received a gift from Okawaru
 17026 | Lair:5   | Reached skill level 10 in Shields
 17029 | Lair:5   | Reached skill level 10 in Armour
 17043 | Lair:5   | Noticed Rupert
 17046 | Lair:5   | Received a gift from Okawaru
 17057 | Lair:5   | Killed Rupert
 17058 | Lair:5   | Reached XP level 15. HP: 109/109 MP: 19/27
 17109 | Lair:5   | Found a staircase to the Slime Pits.
 17109 | Lair:5   | Found a viscous altar of Jiyva.
 17250 | Lair:5   | Acquired a +1 tower shield of positive energy
 17250 | Lair:5   | Received a gift from Okawaru
 17572 | D:12     | Found a runed translucent door.
 17891 | D:12     | Reached skill level 11 in Shields
 18008 | D:12     | Noticed a storm dragon
 18477 | D:12     | Found a staircase to the Orcish Mines.
 18790 | Orc:1    | Entered Level 1 of the Orcish Mines
 18805 | Orc:1    | Received a gift from Okawaru
 19134 | Orc:1    | Found a roughly hewn altar of Beogh.
 19361 | Orc:2    | Entered Level 2 of the Orcish Mines
 20071 | Orc:2    | Reached skill level 12 in Shields
 20084 | Orc:2    | Received a gift from Okawaru
 20501 | Orc:2    | Found a roughly hewn altar of Beogh.
 20579 | Orc:2    | Found Mudghol's Assorted Antiques.
 20580 | Orc:2    | Found Ruthua Himy's Magic Scroll Shop.
 20586 | Orc:2    | Bought a scroll of enchant weapon for 82 gold pieces
 20622 | Orc:2    | Found a staircase to the Elven Halls.
 20827 | Orc:2    | Found Ithraj's Antique Armour Boutique.
 20872 | Orc:2    | Found Giumiem's General Store.
 21274 | Snake:1  | Entered Level 1 of the Snake Pit
 21341 | Snake:1  | Received a gift from Okawaru
 21612 | Snake:1  | Reached skill level 13 in Shields
 21944 | Snake:1  | Reached XP level 16. HP: 113/116 MP: 28/28
 21948 | Snake:1  | Received a gift from Okawaru
 22572 | Snake:1  | Identified the +3 quarterstaff of Makhleb's Supremacy
                  | {flame, +Blink rC+}
 22742 | Snake:2  | Noticed a nagaraja
 22768 | Snake:2  | Killed a nagaraja
 22790 | Snake:2  | Reached skill level 14 in Shields
 22978 | Snake:2  | Lost mutation: You have large cloven feet. [potion of
                  | mutation]
 22978 | Snake:2  | Lost mutation: You occasionally lose the ability to drink
                  | potions when taking damage. [potion of mutation]
 22978 | Snake:2  | Gained mutation: Your spells are a little easier to cast,
                  | but a little less powerful. [potion of mutation]
 22991 | Snake:2  | Identified the +1 leather armour of Watchfulness {rPois rF-
                  | MP+9 Stlth+}
 23168 | Snake:2  | Received a gift from Okawaru
 23199 | Snake:2  | Found Kivilaomp's Weapon Shop.
 23199 | Snake:2  | Found Moake's General Store.
 23231 | Snake:2  | Bought a scroll of enchant weapon for 82 gold pieces
 23232 | Snake:2  | Bought 2 scrolls of enchant armour for 165 gold pieces
 23801 | Snake:3  | Found a transporter.
 23801 | Snake:3  | Noticed a tentacled starspawn
 23809 | Snake:3  | Found a one-way gate to the infinite horrors of the Abyss.
 23809 | Snake:3  | Noticed a nagaraja
 23809 | Snake:3  | Noticed Douf's ghost (adept MiBe)
 23812 | Snake:3  | Identified the serpent talisman "Wugablun" {Dex+5}
 23993 | Snake:3  | Found a transporter.
 24052 | Snake:3  | Reached skill level 15 in Shields
 24085 | Snake:3  | Reached skill level 15 in Armour
 24129 | Snake:3  | Received a gift from Okawaru
 24359 | Snake:3  | Noticed a tentacled starspawn
 24573 | Snake:3  | Found Iaczep's Incredible Inventory.
 24768 | Snake:3  | Noticed Mara
 24769 | Snake:3  | Noticed nuthulu's illusion
 24790 | Snake:3  | Killed Mara
 25257 | D:13     | Found a gate to the Vaults.
 25313 | D:13     | Received a gift from Okawaru
 25314 | D:13     | Reached XP level 17. HP: 114/120 MP: 29/29
 25398 | D:13     | Paralysed by something for 2 turns
 25433 | D:13     | Reached skill level 16 in Shields
 25680 | D:13     | Got Sif Muna's Directory of Power and Lithomancy
 26410 | D:14     | Identified the +1 barding of the Abyss {MP+9 Str+4}
 26695 | D:14     | Received a gift from Okawaru
 27087 | D:14     | Found a glowing silver altar of Zin.
 27488 | D:15     | Entered Level 15 of the Dungeon
 27518 | D:15     | Found a staircase to the Depths.
 28118 | D:14     | Reached skill level 17 in Shields
 28130 | D:14     | Received a gift from Okawaru
 28138 | D:15     | Paralysed by an ogre mage for 2 turns
 28988 | D:15     | Identified the +8 chain mail of Rotation {Rampage +Blink}
 29230 | Snake:4  | Entered Level 4 of the Snake Pit
 29327 | Snake:4  | Received a gift from Okawaru
 29375 | Snake:4  | Found Zisudot's Assorted Antiques.
 29443 | Snake:4  | Noticed Saint Roka
 29515 | Snake:4  | Killed Saint Roka
 29796 | Snake:4  | Reached XP level 18. HP: 126/126 MP: 30/30
 29865 | Snake:4  | Reached skill level 18 in Shields
 30341 | Snake:4  | Received a gift from Okawaru
 31067 | Snake:4  | Got a serpentine rune of Zot
 31219 | Shoals:1 | Entered Level 1 of the Shoals
 31443 | Shoals:1 | Noticed Jorgrun
 31459 | Shoals:1 | Killed Jorgrun
 31687 | Shoals:1 | Received a gift from Okawaru
 31688 | Shoals:1 | Reached skill level 15 in Maces & Flails
 31843 | Shoals:1 | Found a transporter.
 31844 | Shoals:1 | Found a bloodstained altar of Trog.
 31845 | Shoals:1 | Noticed Kischierch's ghost (adept OpHs)
 31858 | Shoals:1 | Found a transporter.
 32062 | Shoals:1 | Found Vaob's Antique Armour Boutique.
 32066 | Shoals:1 | Bought a shiny helmet for 225 gold pieces
 32199 | Shoals:2 | Noticed Ilsuiw
 32274 | Shoals:2 | Reached skill level 19 in Shields
 32296 | Shoals:2 | Killed Ilsuiw
 32458 | Shoals:2 | HP: 5/126 [merfolk impaler/+0 trident of freezing (13)]
 32458 | Shoals:2 | HP: 2/126 [merfolk impaler/+0 trident of freezing (3)]
 33595 | Shoals:3 | Received a gift from Okawaru
 33758 | Shoals:3 | Reached XP level 19. HP: 131/131 MP: 31/31
 34309 | Shoals:4 | Entered Level 4 of the Shoals
 34325 | Shoals:4 | Reached skill level 20 in Shields
 34749 | Shoals:4 | Received a gift from Okawaru
 35127 | Shoals:4 | Got a barnacled rune of Zot
 35481 | Shoals:4 | Found the +8 lance "Wyrmbane" {slay drac, rPois rF+ rC+
                  | AC+3}
 35596 | Shoals:4 | Found the +5 scythe "Finisher" {speed, execute}
 35742 | Shoals:4 | Received a gift from Okawaru
 35882 | Shoals:4 | Got the Elucidation of Movement
 36604 | Depths:1 | Entered Level 1 of the Depths
 36720 | D:15     | Demolished by a deep troll shaman simulacrum

Illustrated notes

Levels and vault maps discovered:
D:1:      spicycebolla_green_bress_n_ham, layout_basic,
          shapermc_ecumenical_altar_mp_ritualfount, serial_shops, shop
D:2:      layout_rooms
D:3:      layout_loops_ring, general_overflow_altar,
          mainiacjoe_overflow_boulevard, mainiacjoe_overflow_surrounded_room,
          serial_shops, shop, shop, nicolae_shop_pleasant_corner_grove, shop,
          shop, uniq_jessica, uniq_terence, uniq_ijyb
D:4:      layout_basic, mainiacjoe_overflow_six_doors_small, slow_altar_2
D:5:      layout_layer_cave, mainiacjoe_overflow_paths,
          mainiacjoe_overflow_24_doors, minmay_temple_entry_gardened_gates,
          uniq_eustachio, uniq_blork_the_orc
D:6:      layout_rooms, doesnt_shop_hydraphobe
D:7:      hangedman_cross_stitches, layout_cave_pools, old_standard_altar,
          uniq_maurice
D:8:      layout_basic, mainiacjoe_overflow_brackets, vehumet_statue,
          enter_bailey_3, dilly_guarded_unrand_elemental_staff, uniq_erica,
          uniq_psyche
D:9:      layout_roguey, nicolae_sif_muna_condensation, kennysheep_mini_moat
D:10:     layout_gridville, nicolae_overflow_crystal_walls,
          lemuel_coloured_pillars_altar, uniq_nergalle
D:11:     layout_gridville, david_lair_shrubbed, uniq_erolcha
D:12:     layout_basic, kennysheep_orc_monster_closet_entryway,
          minmay_misc_feat_hallway, minivault_24, minmay_hidden_floor
D:13:     minmay_the_grid_triangle_9x9_recursive_2_mashed
          [minmay_the_grid_triangle_9x9_prize_top_heavy,
          minmay_the_grid_triangle_9x9_sprig,
          minmay_the_grid_triangle_9x9_sparse_checkered,
          minmay_the_grid_triangle_9x9_steps], layout_irregular_city,
          erik_vaults_1, the_hattery
D:14:     layout_basic, zin_angel, grunt_ministairs_5
D:15:     gammafunk_depths_entry_grave, layout_cave_pools,
          chequers_serial_rivers_room_b, minmay_evil_grid
Temple:   pf_temple_reverse_labyrinth
Lair:1:   layout_gridlike, dreamdust_deal_with_the_devil,
          infiniplex_staircase_pool, grunt_megastairs_5, lemuel_fruit_tree
Lair:2:   nzn_winding_woodlands_small
          [nzn_winding_woodlands_5x15_river_crossing,
          nzn_winding_woodlands_center_diamonds,
          nzn_winding_woodlands_5x15_twine], layout_loops_ring,
          elwin_shoals_entry_rocks, guppyfry_snake_entry_island
Lair:3:   layout_misc_corridors, infiniplex_staircase_pool_2
Lair:4:   layout_regular_city, pf_torpor_hydra, grunt_megastairs_1, uniq_sonja
Lair:5:   minmay_lair_end_frog_pond, layout_gridlike,
          nicolae_slime_entry_slimehenge, uniq_rupert
Shoals:1: layout_shoals, gammafunk_ghost_wrathful_warriors, serial_shops,
          nicolae_shop_back_alley_shop, uniq_jorgrun
Shoals:2: layout_shoals, nicolae_shoals_arrival_archipelago, uniq_ilsuiw
Shoals:3: layout_shoals, nicolae_shoals_shepherds
Shoals:4: shoals_end_hangedman, layout_shoals
Snake:1:  layout_misc_corridors
Snake:2:  layout_rooms, minmay_shoptagon
Snake:3:  layout_cave_town, gammafunk_ghost_abyssal_escape,
          nicolae_alphabet_shops, uniq_mara
Snake:4:  minmay_snake_end_coiled, layout_chambers, serial_shops, shop,
          uniq_saint_roka
Orc:1:    layout_caves, mines1_david
Orc:2:    st_orc_town, layout_caves, portal_ice_cave_entry_animals_and_master
Depths:1: minmay_spiral_squares, layout_basic, hell_entry, chequers_jeans,
          grunt_ministairs_9, minmay_misc_feat_tower, lightli_gold_pyramid

Skill      XL: |  1  2  3  4  5  6  7  8  9 10 11 12 13 14 15 16 17 18 19 |
---------------+----------------------------------------------------------+-----
Fighting       | 4 5 6 7 9 11 12 16 18 | 18.4
Maces & Flails | 3 4 5 6 8 10 14 16 17 | 17.3
Invocations    | 4 7 13 16 | 16.0
Armour         | 5 10 13 15 17 18 | 18.0
Shields        | 5 10 13 15 17 19 20 | 20.9

Action                     |  1- 3 |  4- 6 |  7- 9 | 10-12 | 13-15 | 16-18 | 19-21 || total
---------------------------+-------+-------+-------+-------+-------+-------+-------++-------
  Melee: Flail             |   138 |   194 |   225 |   512 |   530 |       |       ||  1599
         Unarmed           |       |       |       |     2 |       |       |       ||     2
         Demon whip        |       |       |       |       |  1066 |  1941 |   524 ||  3531
 Invoke: Heroism           |       |       |     3 |    10 |     5 |     8 |       ||    26
         Finesse           |       |       |       |     2 |     3 |     7 |       ||    12
         Receive Weapon    |       |       |       |       |     1 |       |       ||     1
         Receive Armour    |       |       |       |       |     1 |       |       ||     1
  Evoke: Wand              |       |       |     7 |     6 |       |     1 |       ||    14
    Use: Scroll            |     9 |     5 |     6 |    11 |    14 |     3 |       ||    48
         Potion            |       |     5 |     1 |     1 |       |     8 |       ||    15
   Stab: Invisible         |       |       |     1 |       |       |       |       ||     1
 Armour: Scale mail        |   119 |       |       |       |       |       |       ||   119
         Ring mail         |    33 |   126 |   139 |       |       |       |       ||   298
         Plate armour      |       |       |    50 |   444 |  1201 |  1090 |   311 ||  3096
         Skin              |       |       |       |     8 |       |       |       ||     8
  Dodge: Dodged            |    97 |    85 |    99 |   109 |   313 |   227 |    69 ||   999
  Block: Buckler           |    42 |    66 |   122 |   201 |   519 |       |       ||   950
         Reflection        |       |     4 |    11 |    12 |    46 |   179 |    98 ||   350
         Tower shield      |       |       |       |       |   737 |  2600 |   874 ||  4211

Table legend: (Time is in decaauts)
 A = Elapsed time spent in this place.
 B = Non-inter-level travel time spent in this place.
 C = Inter-level travel time spent in this place.
 D = Time resting spent in this place.
 E = Time spent auto-exploring this place.
 F = Levels seen in this place.
 G = Mean time per level.
                   A        B        C        D        E       F      G
               +--------+--------+--------+--------+--------+-----+--------+
         Total |  35102 |  33260 |   1842 |   6380 |  18084 |  33 | 1063.7 |
       Dungeon |  15760 |  14967 |    793 |   2735 |   8413 |  15 | 1050.7 |
        Temple |     13 |     13 |      0 |      0 |      0 |   1 |   13.0 |
          Lair |   6574 |   6106 |    468 |   1004 |   3537 |   5 | 1314.8 |
        Shoals |   4806 |   4648 |    158 |    994 |   2444 |   4 | 1201.5 |
     Snake Pit |   5488 |   5147 |    341 |    972 |   2734 |   4 | 1372.0 |
  Orcish Mines |   2081 |   2001 |     80 |    484 |    887 |   2 | 1040.5 |
        Depths |      6 |      6 |      0 |      0 |      0 |   1 |    6.0 |
        Bailey |    370 |    370 |      0 |    190 |     68 |   1 |  370.0 |
               +--------+--------+--------+--------+--------+-----+--------+

Top non-repeatable levels by time:
  Lair:2: 1861 daAuts
Shoals:4: 1749 daAuts
 Snake:4: 1710 daAuts
    D:14: 1624 daAuts
    D:12: 1615 daAuts
 Snake:3: 1534 daAuts
     D:5: 1458 daAuts
     D:8: 1413 daAuts
 Snake:1: 1397 daAuts
    D:10: 1341 daAuts
  Lair:1: 1277 daAuts
  Lair:4: 1262 daAuts
    D:15: 1236 daAuts
Shoals:1: 1197 daAuts
   Orc:2: 1197 daAuts
